 Dungeon Crawl Stone Soup version 0.19-a0-1206-g6bcb79c (webtiles) character file.

10712 inmateoo the Martial Artist (level 11, -3/92 HPs)
             Began as a Demonspawn Transmuter on Aug 22, 2016.
             Was a High Priest of Cheibriados.
             Incinerated by a mottled dragon (7 damage)
             ... with a sticky flame
             ... on level 11 of the Dungeon.
             The game lasted 00:23:43 (13197 turns).

inmateoo the Martial Artist (DsTm)                 Turns: 13197, Time: 00:23:45

Health: -3/92      AC: 15    Str: 31    XL:     11   Next: 39%
Magic:  16/21      EV: 17    Int: 37    God:    Cheibriados [*****.]
Gold:   330        SH:  0    Dex: 36    Spells: 4 memorised, 14 levels left

rFire  . . .     SeeInvis .       - Unarmed
rCold  + + .     Gourm    .     T - +2 robe {rC+}
rNeg   . . .     Faith    +     (no shield)
rPois  +         Spirit   .     p - +0 helmet
rElec  .         Dismiss  .     M - +0 cloak {rPois}
rCorr  .         Reflect  .     (no gloves)
MR     .....     Harm     .     (no boots)
Stlth  ++........               e - amulet of faith
                                l - +5 ring of intelligence
                                K - +3 ring of intelligence

@: mighty, agile, liquid flames, sanguine armour, glowing, heavily drained, very
slow
A: hooves 2, agile 1, cold resistance 1, robust 1, rot immunity, freezing cloud
immunity, sanguine armour 2
a: Bend Time, Temporal Distortion, Slouch, Step From Time, Renounce Religion


You were on level 11 of the Dungeon.
You worshipped Cheibriados.
Cheibriados was extremely pleased with you.
You were hungry.

You visited 2 branches of the dungeon, and saw 12 of its levels.
You also visited: Sewer.

You collected 776 gold pieces.
You spent 446 gold pieces at shops.

Inventory:

Hand Weapons
 r - a +2 flail of protection
 D - a +2 dagger of venom
Missiles
 a - 170 arrows
 j - 4 throwing nets (quivered)
Armour
 i - a +0 shield
 p - a +0 helmet (worn)
 M - a +0 cloak of poison resistance (worn)
 T - a +2 robe of cold resistance (worn)
Jewellery
 e - an amulet of faith (around neck)
 h - an uncursed ring of flight
 l - a +5 ring of intelligence (right hand)
 G - an uncursed ring of see invisible
 H - an uncursed ring of poison resistance
 K - a +3 ring of intelligence (left hand)
 Q - an uncursed amulet of regeneration {unknown}
 R - a cursed amulet of inaccuracy {unknown}
Wands
 b - a wand of flame (18/48)
 x - a wand of acid (9/15)
 F - a wand of iceblast (8/15)
 I - a wand of iceblast (11/15)
 J - a wand of disintegration (15/24)
Scrolls
 k - 4 scrolls of recharging
 s - 2 scrolls of fear
 v - a scroll of fog
 w - a scroll of teleportation
 y - 2 scrolls of enchant armour
 E - a scroll of remove curse
 L - 2 scrolls of amnesia
 N - a scroll of magic mapping
Potions
 g - a potion of invisibility {unknown}
 m - a potion of cancellation
 n - 7 potions of flight
 q - 2 potions of cure mutation
 A - 2 potions of curing
 B - a potion of agility
 C - a potion of brilliance
Books
 c - a book of Changes

   Spells                             Type                      Level
   a - Beastly Appendage              Transmutation                1
   b - Sticks to Snakes               Transmutation                2
   c - Spider Form                    Transmutation/Poison         3
   d - Ice Form                       Ice/Transmutation            4
   e - Blade Hands                    Transmutation                5
Comestibles
 d - 8 bread rations
 f - 5 meat rations
 o - 5 royal jellies
 t - 4 fruits
 P - a slice of pizza


   Skills:
 + Level 7.5(6.1) Fighting
 - Level 1.7(0.5) Dodging
 * Level 10.8(9.2) Unarmed Combat
 + Level 7.0(5.7) Spellcasting
 + Level 7.4(6.1) Transmutations
 + Level 6.6(5.2) Invocations


You had 14 spell levels left.
You knew the following spells:

 Your Spells              Type           Power        Failure   Level  Hunger
a - Beastly Appendage     Tmut           ######       1%          1    None
b - Sticks to Snakes      Tmut           ######..     1%          2    None
c - Spider Form           Tmut/Pois      ####......   3%          3    None
d - Ice Form              Ice/Tmut       ####....     12%         4    ##.....


Dungeon Overview and Level Annotations

Branches:
Dungeon (11/15)            Temple (1/1) D:5            Lair (0/6) D:10
    Orc: D:9-12

Altars:
Ashenzari
Cheibriados
Elyvilon
Fedhas
Gozag
Kikubaaqudgha
Okawaru
Sif Muna
Trog
Vehumet
Zin
The Shining One

Shops:
D:8 [}*%[

Annotations:
D:11 exclusion: obsidian statue, slayr's ghost, journeyman KoBe


Innate Abilities, Weirdness & Mutations

You have hoof-like feet.
Your flesh is cold resistant. (rC+)
You are immune to rotting.
You are immune to freezing clouds.
When seriously injured, your bleeding wounds create thick armour. (AC +9)
You are agile. (Dex +2)
You are robust. (+10% HP)


Message History

Unknown command.
You are feeling hungry.
You punch jakamitsu's ghost!
You kick jakamitsu's ghost, but do no damage.
Your punch misses jakamitsu's ghost.
Jakamitsu's ghost is almost destroyed.
Jakamitsu's ghost hits you!!
* * * LOW HITPOINT WARNING * * *
You pummel jakamitsu's ghost!!
You destroy jakamitsu's ghost!
Cheibriados appreciates the change of pace.
Your base Spellcasting skill increases to level 7!
The mottled dragon breathes sticky fire at you.
The sticky flame hits you!
You are covered in liquid flames!
You punch the mottled dragon!
You kill the mottled dragon!
Cheibriados thoroughly appreciates the change of pace.
You are covered in liquid flames!
You die...

.###########
......†.##.##
#@....############
####..............
###.###########
#.# #.# #.# #.#
#######'#####
#...........#


There were no monsters in sight!

Vanquished Creatures
  The ghost of jakamitsu the Cleaver, a journeyman MiBe of Trog (D:11)
  Fannar (D:10)
  A gargoyle (D:8)
  A komodo dragon (D:10)
  Prince Ribbit (D:6)
  A spriggan (D:7)
  6 yaks (D:10)
  A wraith (D:11)
  2 hippogriffs
  2 hungry ghosts
  A mottled dragon (D:11)
  A water moccasin (D:9)
  A swamp drake (D:10)
  5 sky beasts
  2 eyes of draining
  An orc warrior (D:6)
  A black bear (D:6)
  5 ice beasts
  2 phantoms
  A necrophage (D:6)
  8 centaurs
  8 ogres
  2 crocodiles (D:10)
  2 big kobolds (D:6)
  8 giant frogs
  A gnoll sergeant (D:6)
  A water moccasin zombie (D:5)
  2 scorpions
  11 killer bees
  4 howler monkeys
  7 crimson imps
  2 centaur zombies
  A quasit (D:8)
  A giant frog zombie (D:8)
  10 orc wizards
  10 hounds
  5 jellies
  8 orc priests
  Crazy Yiuf (D:3)
  3 centaur skeletons
  A giant frog skeleton (D:6)
  Terence (D:3)
  6 iguanas
  6 worker ants
  A hound skeleton (D:11)
  A hound zombie (D:9)
  8 adders
  6 gnolls (D:6)
  2 shadow imps
  2 adder skeletons
  4 worms
  6 dart slugs
  6 giant geckos
  19 orcs
  3 giant cockroaches
  13 goblins
  9 hobgoblins
  14 jackals
  3 quokkas
  8 ball pythons
  9 bats
  A giant gecko skeleton (D:5)
  6 giant newts
  24 kobolds
  2 quokka skeletons (D:5)
  A quokka zombie (D:6)
  18 rats
  4 plants
316 creatures vanquished.

Vanquished Creatures (collateral kills)
  An adder (D:4)
1 creature vanquished.

Vanquished Creatures (others)
  A wizard (D:4)
  A kobold (D:1)
  A plant (Sewer)
3 creatures vanquished.

Grand Total: 320 creatures vanquished

Notes
Turn   | Place    | Note
-------+----------+-------------------------------------------
     0 | D:1      | inmateoo the Demonspawn Transmuter began the quest for the Orb.
     0 | D:1      | Reached XP level 1. HP: 15/15 MP: 3/3
   256 | D:1      | Reached skill level 3 in Unarmed Combat
   335 | D:1      | Gained mutation: When seriously injured, your bleeding wounds create armour. (AC +9) [demonic ancestry]
   335 | D:1      | Reached XP level 2. HP: 21/21 MP: 3/5
   509 | D:1      | HP: 1/21 [dart slug/slug dart (5)]
   962 | D:1      | Learned a level 2 spell: Sticks to Snakes
   982 | D:1      | Reached XP level 3. HP: 26/26 MP: 6/6
   995 | D:1      | Learned a level 3 spell: Spider Form
  2041 | D:2      | Gained mutation: You are immune to rotting. [demonic ancestry]
  2041 | D:2      | Reached XP level 4. HP: 27/32 MP: 7/7
  2245 | D:3      | Reached skill level 4 in Unarmed Combat
  2324 | D:3      | Gained mutation: Your flesh is cold resistant. (rC+) [demonic ancestry]
  2324 | D:3      | Reached XP level 5. HP: 21/37 MP: 2/8
  2363 | D:3      | Found a glowing drain.
  2447 | Sewer    | Entered a sewer
  3158 | D:3      | Noticed Terence
  3167 | D:3      | Killed Terence
  3726 | D:3      | Found a runed door.
  3881 | D:3      | Noticed Crazy Yiuf
  3889 | D:3      | Killed Crazy Yiuf
  4021 | D:4      | Gained mutation: You have large cloven feet. [demonic ancestry]
  4021 | D:4      | Reached XP level 6. HP: 43/43 MP: 7/10
  4077 | D:4      | Reached skill level 5 in Unarmed Combat
  4274 | D:4      | Learned a level 4 spell: Ice Form
  4318 | D:4      | Gained mutation: When seriously injured, your bleeding wounds create thick armour. (AC +9) [demonic ancestry]
  4318 | D:4      | Reached XP level 7. HP: 22/51 MP: 7/11
  4396 | D:4      | Found a bloodstained altar of Trog.
  4398 | D:4      | Noticed a wizard
  4406 | D:4      | Killed a wizard
  4572 | D:5      | Entered Level 5 of the Dungeon
  4603 | D:5      | Found a blossoming altar of Fedhas.
  4738 | D:5      | Reached skill level 6 in Unarmed Combat
  4963 | D:5      | Found a staircase to the Ecumenical Temple.
  4973 | Temple   | Entered the Ecumenical Temple
  4980 | Temple   | Became a worshipper of Cheibriados the Contemplative
  5230 | D:5      | Gained mutation: You are immune to freezing clouds. [demonic ancestry]
  5230 | D:5      | Reached XP level 8. HP: 51/58 MP: 9/13
  6097 | D:5      | Reached skill level 7 in Unarmed Combat
  6101 | D:5      | Reached * piety under Cheibriados
  6109 | D:5      | Gained mutation: Your mind is acute. (Int +2) [mutagenic meat]
  6112 | D:5      | Gained mutation: You have a pair of small antennae on your head. [mutagenic meat]
  6115 | D:5      | Lost mutation: Your mind is acute. (Int +2) [mutagenic meat]
  6118 | D:5      | Gained mutation: You are robust. (+10% HP) [mutagenic meat]
  6121 | D:5      | Gained mutation: You are agile. (Dex +2) [mutagenic meat]
  6293 | D:6      | Noticed Prince Ribbit
  6527 | D:6      | Reached skill level 5 in Transmutations
  6922 | D:6      | Killed Prince Ribbit
  6922 | D:6      | Reached XP level 9. HP: 44/73 MP: 11/16
  7152 | D:6      | Reached ** piety under Cheibriados
  7152 | D:6      | Reached skill level 5 in Fighting
  7220 | D:6      | Reached skill level 5 in Spellcasting
  7240 | D:6      | Reached skill level 8 in Unarmed Combat
  8141 | D:7      | Reached *** piety under Cheibriados
  8564 | D:7      | Reached skill level 1 in Invocations
  9031 | D:8      | Found Toubb's Antique Armour Boutique.
  9037 | D:8      | Bought an embroidered cloak for 108 gold pieces
  9116 | D:8      | Found Ysoptyre's Gadget Shoppe.
  9133 | D:8      | Lost mutation: You have a pair of small antennae on your head. [mutagenic meat]
  9425 | D:8      | Reached skill level 9 in Unarmed Combat
  9435 | D:8      | Reached **** piety under Cheibriados
  9513 | D:8      | Reached XP level 10. HP: 55/83 MP: 14/18
  9676 | D:8      | Found Lomeir's Food Shop.
  9698 | D:8      | Found Giss's Armour Emporium.
  9729 | D:8      | Noticed a gargoyle
  9734 | D:8      | Killed a gargoyle
  9900 | D:8      | Found Nediag's Assorted Antiques.
  9942 | D:8      | Bought a scroll of identify for 52 gold pieces
  9942 | D:8      | Bought a potion of agility for 104 gold pieces
  9942 | D:8      | Bought a potion of heal wounds for 130 gold pieces
  9942 | D:8      | Bought a scroll of identify for 52 gold pieces
 10710 | D:9      | Reached ***** piety under Cheibriados
 11155 | D:9      | Reached skill level 5 in Invocations
 11211 | D:9      | Found a snail-covered altar of Cheibriados.
 11427 | D:6      | Reached skill level 10 in Unarmed Combat
 11895 | D:10     | Entered Level 10 of the Dungeon
 11938 | D:10     | Noticed Fannar
 11951 | D:10     | Killed Fannar
 11951 | D:10     | Reached ****** piety under Cheibriados
 11951 | D:10     | Gained mutation: You have hoof-like feet. [demonic ancestry]
 11951 | D:10     | Reached XP level 11. HP: 92/92 MP: 17/21
 12383 | D:10     | Found a radiant altar of Vehumet.
 12668 | D:10     | Got a twitching golden ring
 12673 | D:10     | Identified the ring "Hoffog" {*Tele *Confuse rPois rF++ rN+} (You found it on level 10 of the Dungeon)
 12704 | D:10     | Found a staircase to the Lair.
 12789 | D:11     | Noticed an obsidian statue
 12847 | D:11     | Noticed slayr's ghost (journeyman KoBe)
 13151 | D:11     | Noticed jakamitsu's ghost (journeyman MiBe)
 13195 | D:11     | HP: 4/92 [jakamitsu's ghost (20)]
 13196 | D:11     | Killed jakamitsu's ghost
 13197 | D:11     | Incinerated by a mottled dragon

Vault maps used:
D:1:      mrwooster_arrival_statue_2, minmay_rat_gold_closets
D:3:      portal_sewer_entry_d, minmay_tree_intersection, uniq_terence,
          uniq_crazy_yiuf_cottage
D:4:      first_bread, trog_wizard
D:5:      basic_altar
D:6:      kennysheep_housing_project, minmay_misc_feat_tiny, uniq_prince_ribbit1
D:7:      the_bakery
D:8:      serial_shops, shop, nicolae_shop_waterfront, shop_coins,
          kennysheep_mini_moat, nicolae_shop_overgrown_old_shop,
          minmay_misc_feat_diagonals
D:9:      cheibriados_altar_1
D:10:     erik_lair_dragon, basic_altar, uniq_fannar
D:11:     david_orc_5, minmay_statue_bubble
Temple:   compressed_dpeg_triangle_lava_temple
Sewer:    sewer_co_scattered_pipes

Skill      XL: |  1  2  3  4  5  6  7  8  9 10 11 |
---------------+----------------------------------+-----
Unarmed Combat | 3 4 5 6 7 9 10 | 10.8
Transmutations | 2 3 4 5 6 7 |  7.4
Fighting       | 2 3 4 5 7 |  7.5
Spellcasting   | 3 4 5 6 7 |  7.0
Invocations    | 3 5 6 |  6.6
Dodging        | |  1.7

Action                   |  1- 3 |  4- 6 |  7- 9 | 10-12 || total
-------------------------+-------+-------+-------+-------++-------
Melee: Unarmed           |   195 |   134 |   390 |   292 ||  1011
       Kick              |     4 |     8 |   125 |    79 ||   216
       Punch             |     3 |     6 |    13 |    14 ||    36
       Headbutt          |     1 |     7 |     9 |       ||    17
       Flail             |       |   159 |    40 |       ||   199
 Cast: Beastly Appendage |     8 |     4 |     5 |       ||    17
       Spider Form       |     1 |     8 |     7 |     1 ||    17
       Sticks to Snakes  |       |     1 |       |     4 ||     5
       Ice Form          |       |       |     9 |    15 ||    24
Invok: Slouch            |       |       |       |     2 ||     2
 Abil: End Transformatio |       |       |       |     1 ||     1
  Use: Scroll            |     5 |     5 |     5 |     5 ||    20
       Potion            |       |       |     6 |     4 ||    10
 Stab: Sleeping          |     3 |     3 |     3 |     3 ||    12
       Distracted        |       |     2 |     1 |     2 ||     5
  Eat: Chunk             |     4 |     9 |    18 |     8 ||    39
       Royal jelly       |       |       |     1 |       ||     1
Armor: Robe              |    25 |    76 |    54 |    26 ||   181
       Skin              |       |       |    37 |    38 ||    75
Dodge: Dodged            |   119 |   163 |   231 |   208 ||   721
